 Dungeon Crawl Stone Soup version 0.31-a0-7-g51783674b7 (webtiles) character file.

Game seed: 10157770197231841128

2197 dialectric the Slasher (level 9, -9/56 HPs)
             Began as a Gargoyle Fighter on May 5, 2023.
             Mangled by Grum
             ... wielding a +1 spear
              (19 damage)
             ... on level 8 of the Dungeon.
             The game lasted 00:11:47 (6877 turns).

dialectric the Slasher (Gargoyle Fighter)           Turns: 6877, Time: 00:11:48

Health: -9/56      AC: 13    Str: 20    XL:     9   Next: 34%
Magic:  9/9        EV: 14    Int:  9    God:
Gold:   446        SH:  0    Dex: 19    Spells: 8/8 levels left

rFire   + . .        f - +4 morningstar (holy)
rCold   . . .        (no shield)
rNeg    + . .        e - +2 leather armour {rF+}
rPois   ∞            (no helmet)
rElec   +            (no cloak)
rCorr   .            (no gloves)
SInv    .            d - +0 pair of boots
Will    .....        u - amulet of the acrobat
Stlth   ++           k - +4 ring of slaying
HPRegen 0.29/turn    v - +6 ring of dexterity
MPRegen 0.11/turn

%: acrobat
@: no status effects
A: sickness immunity, AC +6, negative energy resistance 1, electricity
resistance, torment resistance 1, petrification resistance
a: no special abilities


You were on level 8 of the Dungeon.
You visited 1 branch of the dungeon, and saw 8 of its levels.
You also visited: Bailey.

You collected 446 gold pieces.

Inventory:

Hand Weapons
 a - a +0 long sword
 f - a +4 morningstar of holy wrath (weapon)
 i - a +0 broad axe
Missiles
 n - 4 poisoned darts (quivered)
 y - 13 boomerangs
Armour
 c - a +0 buckler
 d - a +0 pair of boots (worn)
 e - a +2 leather armour of fire resistance (worn)
Jewellery
 k - a +4 ring of slaying (left hand)
 l - an amulet of faith
 u - an amulet of the acrobat (around neck)
 v - a +6 ring of dexterity (right hand)
Scrolls
 g - a scroll of poison {unknown}
 h - 7 scrolls of identify
 q - a scroll of immolation {unknown}
 s - 2 scrolls of enchant armour {unknown}
 t - a scroll of amnesia {unknown}
 w - 2 scrolls of vulnerability {unknown}
 x - a scroll of silence {unknown}
 C - a scroll of enchant weapon {unknown}
Potions
 b - a potion of mutation
 j - a potion of invisibility {unknown}
 m - 2 potions of curing {unknown}
 o - a potion of resistance {unknown}
 p - a potion of haste {unknown}
 r - 3 potions of attraction
 z - 2 potions of lignification {unknown}
 B - 4 potions of flight
Miscellaneous
 A - a condenser vane


   Skills:
 + Level 6.6 Fighting
 - Level 7.2 Long Blades
 + Level 2.9 Maces & Flails
 - Level 1.2 Throwing
 + Level 4.7 Armour
 - Level 4.0 Dodging
 - Level 2.0 Stealth
 - Level 3.2 Shields
 - Level 2.0 Evocations


You had 8 spell levels left.
You didn't know any spells.
Your spell library contained the following spells:

 Spells                   Type           Power      Damage    Failure   Level
 Blink                    Tloc           0%         N/A       56%         2
 Scorch                   Fire           0%         2d5       56%         2
 Animate Armour           Summ/Erth      0%         N/A       99%         4
 Flame Wave               Conj/Fire      0%         2d4       99%         4
 Manifold Assault         Tloc           0%         N/A       99%         4
 Blade Hands              Tmut           0%         N/A       100%        5
 Iron Shot                Conj/Erth      0%         9d1       100%        6
 Summon Cactus Giant      Summ           0%         N/A       100%        6
 Storm Form               Tmut/Air       0%         N/A       100%        7


Dungeon Overview and Level Annotations

Branches:
Dungeon (8/15)             Bailey (visited)
 Temple: D:4-7         Lair: D:8-11

Altars:
Cheibriados
Gozag
Vehumet

Annotations:
D:5 Pikel
D:7 Dowan, Duvessa
D:8 Grum


Innate Abilities, Weirdness & Mutations

You are immune to sickness and miasma.
Your stone body is resilient. (AC +6)
You are immune to poison.
You resist negative energy. (rN+)
You are resistant to electric shocks. (rElec)
You are resistant to unholy torment.
You are immune to petrification.


Message History

The wolf barely misses you. The wolf completely misses you.
The wolf attacks as you move away! The wolf completely misses you.
The wolf misses you.
You miss the wolf. The wolf bites you. The wolf bites you but does no damage.
The wolf misses you.
Items here: )))) [[ †.
The wolf attacks as you move away! The wolf completely misses you.
The wolf barely misses you.
You see here a staff of poison.
The wolf misses you. The wolf closely misses you.
The wolf attacks as you move away! The wolf closely misses you. x2
The wolf howls!
You puncture the wolf!
The wolf is almost dead.
The wolf bites you. The wolf barely misses you.
You sock the wolf!
You kill the wolf!
Grum completely misses you.
You hit Grum. You punch Grum.
Grum is moderately wounded.
Grum hits you but does no damage. Grum hits you with a +1 spear!
You barely miss Grum.
Grum is moderately wounded.
Grum hits you with a +1 spear!
You hit Grum.
Grum is heavily wounded.
Grum barely misses you. Grum misses you.
You barely miss Grum.
Grum is heavily wounded.
Grum hits you with a +1 spear!
You hit Grum but do no damage. You punch Grum.
Grum is heavily wounded.
Grum hits you with a +1 spear!
* * * LOW HITPOINT WARNING * * *
You puncture Grum!
Grum is almost dead.
Grum hits you with a +1 spear!!
You die...

#.#..# .... #.#..# ###.
#.#..#########.# #.#
#.#...).....((.. #.#
#.).####.##..... ####.###
##|.###.... #.# ......#
#h.........# ###.<#.#
#g#.#......# ..#..#.#
#@#.....≈≈##
#.#....#########.##....≈c.
..<..........)...###...≈≈##
######.########### .....
...# ..... #.#.. ....
#.#### #


You could see Grum and a wolf.

Vanquished Creatures
  Menkaure (D:6)
  3 water moccasins
  2 black bears
  3 orc warriors (Bailey)
  2 ogres (D:6)
  A wolf (D:8)
  4 wights (D:8)
  A killer bee (D:7)
  4 hounds
  2 jellies
  A gnoll bouda (D:5)
  2 orc wizards
  Ijyb (D:4)
  2 iguanas
  4 adders
  5 gnolls
  A shadow imp (D:6)
  4 ufetubi
  A worm (D:5)
  5 dart slugs
  9 orcs
  7 ball pythons
  4 endoplasms
  3 giant cockroaches
  15 goblins
  12 hobgoblins
  6 jackals (D:1)
  4 quokkas
  5 bats
  8 kobolds
  3 rats (D:2)
125 creatures vanquished.

Vanquished Creatures (collateral kills)
  Eustachio (D:6)
  A scorpion (D:6)
  An iguana (D:5)
3 creatures vanquished.

Vanquished Creatures (others)
  An orc warrior (Bailey)
1 creature vanquished.

Grand Total: 129 creatures vanquished

Notes
Turn   | Place    | Note
-------+----------+-------------------------------------------
     0 | D:1      | dialectric the Gargoyle Fighter began the quest for the
                  | Orb.
     0 | D:1      | Reached XP level 1. HP: 14/14 MP: 1/1
   195 | D:1      | Reached XP level 2. HP: 16/19 MP: 2/2
   454 | D:1      | Reached skill level 2 in Long Blades
   470 | D:1      | Reached XP level 3. HP: 19/23 MP: 3/3
   473 | D:1      | Reached skill level 1 in Dodging
  1281 | D:2      | Reached XP level 4. HP: 29/29 MP: 4/4
  1866 | D:3      | Reached skill level 3 in Long Blades
  1913 | D:3      | Reached XP level 5. HP: 26/33 MP: 5/5
  2847 | D:4      | Noticed Ijyb
  2892 | D:4      | Killed Ijyb
  2893 | D:4      | Reached skill level 1 in Stealth
  3357 | D:5      | Entered Level 5 of the Dungeon
  3417 | D:5      | Reached XP level 6. HP: 36/38 MP: 6/6
  3543 | D:5      | Reached skill level 4 in Long Blades
  3960 | D:5      | Noticed Pikel
  4447 | D:6      | Noticed Eustachio
  4453 | D:6      | Reached XP level 7. HP: 42/44 MP: 7/7
  4457 | D:6      | Killed Eustachio
  4608 | D:6      | Reached skill level 5 in Long Blades
  4884 | D:6      | Noticed Menkaure
  4898 | D:6      | Killed Menkaure
  4899 | D:6      | Reached XP level 8. HP: 23/48 MP: 8/8
  5268 | D:6      | Reached skill level 5 in Fighting
  5475 | D:6      | Reached skill level 6 in Long Blades
  5618 | D:7      | Found a radiant altar of Vehumet.
  5619 | D:7      | Found a snail-covered altar of Cheibriados.
  5621 | D:7      | Found a flagged portal.
  5650 | D:7      | Reached skill level 1 in Throwing
  5667 | Bailey   | Entered a bailey
  5998 | Bailey   | Reached skill level 7 in Long Blades
  6263 | D:7      | Reached skill level 1 in Evocations
  6295 | D:7      | Found an opulent altar of Gozag.
  6416 | D:7      | Reached XP level 9. HP: 12/54 MP: 9/9
  6417 | D:7      | Noticed Duvessa
  6417 | D:7      | Noticed Dowan
  6680 | D:7      | Reached skill level 1 in Maces & Flails
  6849 | D:8      | Noticed Grum
  6877 | D:8      | Mangled by Grum

Illustrated notes

Levels and vault maps discovered:
D:1:      dpeg_arrival_leaves_temple_mockup, layout_basic, minmay_tripent
D:2:      layout_loops_corners, minmay_misc_feat_tiny
D:3:      layout_basic
D:4:      layout_loops_ring, uniq_ijyb, uniq_crazy_yiuf_cottage
D:5:      layout_rooms, uniq_pikel
D:6:      wad_river_or_something, layout_basic,
          mainiacjoe_overflow_six_doors_small, uniq_menkaure, uniq_eustachio
D:7:      layout_basic, kennysheep_mini_moat, grunt_temple_overflow_open,
          minmay_temple_entry_junction_2, enter_bailey_5,
          nicolae_figureground_pulse, uniq_maggie, uniq_joseph, uniq_duvessa
D:8:      layout_loops_ring, serial_shops, shop, kb_lookout_dungeons_type,
          uniq_prince_ribbit1, uniq_grum

Skill      XL: |  1  2  3  4  5  6  7  8  9 |
---------------+----------------------------+-----
Long Blades    | 2 3 4 5 7 |  7.2
Dodging        | 1 2 3 4 |  4.0
Fighting       | 4 5 6 |  6.6
Stealth        | 1 2 |  2.0
Armour         | 4 |  4.7
Throwing       | 1 |  1.2
Evocations     | 1 2 |  2.0
Maces & Flails | 2 |  2.9
Shields        | |  3.2

Action                     |  1- 3 |  4- 6 |  7- 9 || total
---------------------------+-------+-------+-------++-------
  Melee: Long sword        |   113 |   215 |   123 ||   451
         Punch             |     2 |     3 |     4 ||     9
         Morningstar       |       |       |    54 ||    54
  Throw: Dart              |       |     2 |    16 ||    18
         Throwing net      |       |     1 |       ||     1
  Evoke: Wand              |       |     3 |     7 ||    10
         Condenser vane    |       |       |     1 ||     1
    Use: Potion            |       |     4 |     2 ||     6
         Scroll            |       |       |     6 ||     6
   Stab: Sleeping          |       |     3 |     2 ||     5
 Armour: Scale mail        |    38 |       |       ||    38
         Leather armour    |    24 |   111 |    64 ||   199
  Dodge: Dodged            |    63 |   185 |   219 ||   467

Table legend: (Time is in decaauts)
 A = Elapsed time spent in this place.
 B = Non-inter-level travel time spent in this place.
 C = Inter-level travel time spent in this place.
 D = Time resting spent in this place.
 E = Time spent auto-exploring this place.
 F = Levels seen in this place.
 G = Mean time per level.
                   A        B        C        D        E       F      G
               +--------+--------+--------+--------+--------+-----+--------+
         Total |   6998 |   6833 |    165 |    927 |   3965 |   9 |  777.6 |
       Dungeon |   6427 |   6262 |    165 |    753 |   3857 |   8 |  803.4 |
        Bailey |    570 |    570 |      0 |    174 |    108 |   1 |  570.0 |
               +--------+--------+--------+--------+--------+-----+--------+

Top non-repeatable levels by time:
     D:4: 1243 daAuts
     D:1: 985 daAuts
     D:6: 927 daAuts
     D:5: 918 daAuts
     D:2: 893 daAuts
     D:3: 742 daAuts
  Bailey: 570 daAuts
     D:7: 398 daAuts
     D:8: 317 daAuts
